 Dungeon Crawl Stone Soup version 0.16-a0-1132-gad589c6 (webtiles) character file.

1536 Qrupt the Spear-Bearer (level 8, -7/48 (52) HPs)
             Began as a Merfolk Venom Mage on Oct 6, 2014.
             Was a Follower of Ru.
             Mangled by an orc warrior
             ... wielding a +0 glaive
              (9 damage)
             ... on level 6 of the Dungeon on Oct 7, 2014.
             The game lasted 00:30:38 (9052 turns).

Qrupt the Spear-Bearer (Merfolk Venom Mage)         Turns: 9052, Time: 00:30:38

HP:   -7/48 (52)    AC:  5    Str: 10    XL:     8   Next: 86%
MP:   11/16         EV: 13    Int: 15    God:    Ru [*.....]
Gold: 258           SH:  0    Dex: 13    Spells: 3 memorised, 7 levels left

rFire  . . .     SeeInvis .     e - -1 spear (curse)
rCold  . . .     Clarity  .     a - +1 robe
rNeg   . . .     SustAb   .     (no shield)
rPois  .         Gourm    .     (no helmet)
rElec  .         Spirit   .     (no cloak)
rCorr  .         Warding  .     (no gloves)
rMut   .         Stasis   .     (no boots)
MR     .....                    (no amulet)
Stlth  ..........               (no ring)
                                p - +1 ring of intelligence

@: very slightly contaminated, not resistant to hostile enchantments, extremely
unstealthy
A: change form in water, swift swim, slimy green scales 1, clumsy 1, sense
surroundings 1, no stealth
a: Renounce Religion


You were on level 6 of the Dungeon.
You worshipped Ru.
Ru was aware of your devotion.
You were near starving.

You visited 2 branches of the dungeon, and saw 7 of its levels.

You collected 258 gold pieces.

Inventory:

Hand weapons
 e - a cursed -1 spear (weapon)
 j - a +0 trident
 q - a +0 halberd
Armour
 a - a +1 robe (worn)
 r - a +0 robe
Magical devices
 y - a wand of magic darts (11)
Comestibles
 c - 5 bread rations
 h - 2 beef jerkies
 i - 4 meat rations
 t - a royal jelly
 w - 4 fruits
Scrolls
 d - 6 scrolls of identify
 v - 2 scrolls of magic mapping
Jewellery
 g - a cursed ring of ice {unknown}
 p - a +1 ring of intelligence (left hand)
Potions
 m - a potion of mutation
 n - 2 potions of restore abilities {unknown}
 o - a potion of resistance {unknown}
 u - a potion of poison {unknown}
Books
 b - a Young Poisoner's Handbook

   Spells                             Type                      Level
   *Sting                             Conjuration/Poison           1
   *Cure Poison                       Poison                       2
   *Mephitic Cloud                    Conjuration/Poison/Air       3
   Olgreb's Toxic Radiance            Poison                       4
   Venom Bolt                         Conjuration/Poison           5


   Skills:
 + Level 8.5 Polearms
 - Level 2.6 Dodging
 - Level 3.3 Spellcasting
 - Level 6.4 Conjurations
 - Level 5.3 Poison Magic


You had 7 spell levels left.
You knew the following spells:

 Your Spells              Type           Power        Failure   Level  Hunger
a - Sting                 Conj/Pois      ###.         1%          1    None
b - Cure Poison           Pois           ###.......   3%          2    ##.....
c - Mephitic Cloud        Conj/Pois/Air  ##......     14%         3    ###....


Dungeon Overview and Level Annotations

Branches:
Dungeon (6/15)             Temple (1/1) D:4

Altars:
Ashenzari
Cheibriados
Dithmenos
Elyvilon
Fedhas
Gozag
Makhleb
Nemelex Xobeh
Okawaru
Qazlal
Ru
Sif Muna
Trog
Vehumet
Xom
Yredelemnul
Zin
The Shining One

Shops:
D:5 :


Innate Abilities, Weirdness & Mutations

You revert to your normal form in water.
You are very nimble and swift while swimming.
You cannot be stealthy.
You are partially covered in slimy green scales (AC +2).
You are clumsy. (Dex -2)
You passively map a small area around you.


Message History

Slimy green scales grow over part of your body.
It was a potion of mutation.
The necrophage skeleton closely misses you.
The shadow imp barely misses you.
Read which item? (? for menu, Esc to quit)
Okay, then.
Casting: Mephitic Cloud
Confirm with . or Enter, or press ? or * to list all spells.
Okay, then.
Casting: Mephitic Cloud
Confirm with . or Enter, or press ? or * to list all spells.
Aiming: Mephitic Cloud
Press: ? - help, Shift-Dir - straight line, f - shadow imp
Aim: a shadow imp (severely wounded) That beam is likely to hit you.
Continue anyway?
You miscast Mephitic Cloud.
You are very lightly contaminated with residual magic.
You are momentarily dazzled by a flash of light!
The orc warrior hits you from afar with a glaive!
You die...

###### #....#
##############....########
*
>........oo5@Z'....'......#
*
####.##.######....######.##
, ##......#....#.......## *
#.......#....#......... ,
#.o.....#....#..###'### *
#.......#....##.# #.# # ,
#.......#....##.###.### , ,
#.......#....##.'.._n.+
#....o..#######.#######


You could see an orc warrior, a shadow imp, an orc and a necrophage skeleton.

Vanquished Creatures
  Eustachio (D:4)
  Edmund (D:4)
  A necrophage (D:6)
  3 ogres
  A centaur (D:5)
  Blork the orc (D:4)
  2 scorpions (D:5)
  A crimson imp (D:5)
  A goliath beetle (D:6)
  A giant frog zombie (D:6)
  A hound (D:4)
  3 orc priests
  An orc wizard (D:4)
  A centaur skeleton (D:4)
  4 worker ants
  4 gnolls (D:4)
  3 green rats (D:5)
  11 adders
  2 shadow imps (D:6)
  3 worms
  A giant mite (D:5)
  An orc zombie (D:6)
  3 giant geckos
  2 oozes
  4 orcs
  A ball python (D:3)
  2 bat skeletons
  4 giant cockroaches
  13 goblins
  16 hobgoblins
  4 quokkas
  14 bats
  3 giant newts
  A goblin skeleton (D:4)
  A goblin zombie (D:6)
  16 jackals
  24 kobolds
  A quokka zombie (D:5)
  10 rats
167 creatures vanquished.

Vanquished Creatures (others)
  A goblin (D:6)
1 creature vanquished.

Grand Total: 168 creatures vanquished

Notes
Turn   | Place    | Note
--------------------------------------------------------------
     0 | D:1      | Qrupt, the Merfolk Venom Mage, began the quest for the Orb.
     0 | D:1      | Reached XP level 1. HP: 13/13 MP: 3/3
   167 | D:1      | Found a white marble altar of Elyvilon.
   374 | D:1      | Reached skill level 1 in Polearms
   374 | D:1      | Reached XP level 2. HP: 5/19 MP: 0/4
  1432 | D:2      | Reached XP level 3. HP: 22/24 MP: 1/6
  1991 | D:2      | Reached skill level 5 in Poison Magic
  2111 | D:2      | Reached XP level 4. HP: 30/30 MP: 0/8
  2566 | D:2      | Found a snail-covered altar of Cheibriados.
  3159 | D:2      | Found a glowing silver altar of Zin.
  3284 | D:2      | Learned a level 2 spell: Cure Poison
  3288 | D:2      | Learned a level 3 spell: Mephitic Cloud
  3298 | D:3      | Reached XP level 5. HP: 35/35 MP: 11/11
  3603 | D:3      | Found a shadowy altar of Dithmenos.
  4203 | D:4      | Noticed an ogre
  4216 | D:4      | Killed an ogre
  4216 | D:4      | Reached XP level 6. HP: 41/41 MP: 5/13
  4237 | D:4      | Noticed Edmund
  4327 | D:4      | Killed Edmund
  4440 | D:4      | Found a sparkling altar of Nemelex Xobeh.
  4639 | D:4      | Reached XP level 7. HP: 38/46 MP: 5/15
  4712 | D:4      | Noticed Blork the orc
  4729 | D:4      | Killed Blork the orc
  5695 | D:4      | Found a burning altar of Makhleb.
  5702 | D:4      | Found a bloodstained altar of Trog.
  5965 | D:4      | Noticed Eustachio
  5967 | D:4      | Found a staircase to the Ecumenical Temple.
  6040 | D:4      | Killed Eustachio
  6040 | D:4      | Reached skill level 5 in Conjurations
  6150 | Temple   | Entered the Ecumenical Temple
  6422 | Temple   | Became a worshipper of Ru the Awakened
  6639 | D:5      | Entered Level 5 of the Dungeon
  6646 | D:5      | Reached skill level 6 in Conjurations
  6646 | D:5      | Reached XP level 8. HP: 30/52 MP: 8/16
  7126 | D:5      | Found Prikuanua's Book Emporium.
  7407 | D:5      | Reached skill level 5 in Polearms
  7805 | D:6      | Gained mutation: You cannot be stealthy. [Ru sacrifice]
  7805 | D:6      | Acquired Ru's first power
  8152 | D:6      | Found a shadowy altar of Dithmenos.
  8380 | D:6      | Reached skill level 7 in Polearms
  8852 | D:6      | Reached skill level 8 in Polearms
  9050 | D:6      | HP: 2/48 [orc warrior/glaive (13)]
  9051 | D:6      | Gained mutation: You passively map a small area around you. [potion of mutation]
  9051 | D:6      | Gained mutation: You are clumsy. (Dex -2) [potion of mutation]
  9051 | D:6      | Gained mutation: You are partially covered in slimy green scales (AC +2). [potion of mutation]
  9052 | D:6      | Mangled by an orc warrior

Action                   |  1- 3 |  4- 6 |  7- 9 || total
-------------------------+-------+-------+-------++-------
Melee: Spear             |    52 |   140 |   323 ||   515
 Cast: Sting             |    55 |   100 |   164 ||   319
       Mephitic Cloud    |       |     3 |     7 ||    10
       Cure Poison       |       |       |     1 ||     1
Invok: Sacrifice Stealth |       |       |     1 ||     1
  Use: Scroll            |     2 |     4 |     5 ||    11
       Potion            |       |     1 |     5 ||     6
 Stab: Sleeping          |       |     7 |       ||     7
       Confused          |       |     4 |     3 ||     7
       Distracted        |       |     1 |     1 ||     2
  Eat: Chunk             |     5 |     8 |    10 ||    23
       Beef jerky        |       |       |     2 ||     2
       Pizza             |       |       |     1 ||     1
